 Dungeon Crawl Stone Soup version 0.28.0-43-g3370ac3207 (webtiles) character file.

Game seed: 4409655292987586309

116 Peloso the Skirmisher (level 4, -19/41 HPs)
             Began as a Minotaur Fighter on Mar 18, 2022.
             Demolished by an ogre
             ... wielding a +0 giant club
              (25 damage)
             ... on level 4 of the Dungeon.
             The game lasted 00:02:33 (1745 turns).

Peloso the Skirmisher (Minotaur Fighter)            Turns: 1745, Time: 00:02:34

Health: -19/41     AC:  9    Str: 21    XL:     4   Next: 70%
Magic:  3/3        EV:  7    Int:  5    God:
Gold:   103        SH:  4    Dex: 11    Spells: 3/3 levels left

rFire   . . .      SeeInvis .   a - +1 long sword
rCold   . . .      Faith    .   c - +0 buckler
rNeg    . . .      Spirit   .   q - +0 chain mail
rPois   .          Reflect  .   (helmet restricted)
rElec   .          Harm     .   (no cloak)
rCorr   .          Rampage  .   (no gloves)
Will    .....                   (no boots)
Stlth   ..........              (no amulet)
HPRegen 0.13/turn               (no ring)
MPRegen 0.08/turn               (no ring)

@: no status effects
A: horns 2, retaliatory headbutt
a: no special abilities


You were on level 4 of the Dungeon.
You visited 1 branch of the dungeon, and saw 4 of its levels.

You collected 103 gold pieces.

Inventory:

Hand Weapons
 a - a +1 long sword (weapon)
Armour
 b - a +0 scale mail
 c - a +0 buckler (worn)
 q - a +0 chain mail (worn)
Scrolls
 e - a scroll of teleportation {unknown}
 f - 2 scrolls of enchant weapon
 k - a scroll of noise {unknown}
 l - 2 scrolls of fear {unknown}
 n - a scroll of enchant armour {unknown}
Potions
 d - a potion of might
 g - 2 potions of berserk rage
 h - a potion of haste
 i - a potion of curing {unknown}
 j - a potion of experience {unknown}
 m - a potion of ambrosia {unknown}
 o - a potion of degeneration {unknown}


   Skills:
 + Level 4.4 Fighting
 + Level 4.0 Long Blades
 + Level 4.4 Armour
 + Level 0.5 Dodging
 + Level 0.1 Stealth
 + Level 4.2 Shields


You had 3 spell levels left.
You didn't know any spells.
Your spell library contained the following spells:

 Spells                   Type           Power      Damage    Failure   Level
 Freeze                   Ice            0%         1d3       99%         1
 Frozen Ramparts          Ice            0%         1d2       100%        3
 Gell's Gravitas          Tloc           0%         N/A       100%        3
 Lesser Beckoning         Tloc           0%         N/A       100%        3
 Teleport Other           Tloc           0%         N/A       100%        3
 Hailstorm                Conj/Ice       0%         3d3       100%        4


Dungeon Overview and Level Annotations

Branches:
Dungeon (4/15)
 Temple: D:4-7

Altars:
Ashenzari


Innate Abilities, Weirdness & Mutations

You have a pair of horns on your head.
You reflexively headbutt those who attack you in melee.


Message History

A hound is nearby!
You slash the hound!
The hound is almost dead.
The hound bites you but does no damage. The hound bites you.
You hit the hound.
The hound is almost dead.
The hound bites you but does no damage. You block the hound's attack.
You closely miss the hound.
The hound is almost dead.
The hound bites you but does no damage. The hound bites you.
You hit the hound.
You kill the hound!
You have reached level 4!
You feel stronger.
HP restored.
A jelly comes into view.
The jelly quivers.
The jelly barely misses you. You furiously retaliate!
You headbutt the jelly.
A jelly is nearby!
A jelly is nearby!
You slash the jelly!
You kill the jelly!
Your Long Blades skill increases to level 4!
An ogre comes into view. It is wielding a +0 giant club.
The ogre shouts!
An ogre is nearby!
An ogre is nearby!
The ogre hits you with a +0 giant club.
You hit the ogre.
The ogre is lightly wounded.
The ogre hits you with a +0 giant club!!
You slash the ogre! Your headbutt misses the ogre.
The ogre is heavily wounded.
The ogre hits you with a +0 giant club!
* * * LOW HITPOINT WARNING * * *
You barely miss the ogre.
The ogre is heavily wounded.
The ogre hits you with a +0 giant club!!
Ouch! That really hurt!
You die...

#.# #.#
########### #
#.# #.#
#.#####.###
#.........##
#######....##
###.###.#
...# #.#
..##O###.# ##
##@...#
##.#.# #.#.#
#.#.# #.#.#
..... #.#.#
..#.#


You could see an ogre.

Vanquished Creatures
  A hound (D:4)
  A jelly (D:4)
  2 adders (D:2)
  A worm (D:3)
  2 endoplasms (D:1)
  3 giant cockroaches
  A goblin (D:2)
  4 hobgoblins (D:1)
  3 jackals (D:1)
  2 quokkas (D:1)
  4 ball pythons (D:1)
  6 bats
  4 frilled lizards
  A kobold (D:1)
  2 rats
37 creatures vanquished.

Notes
Turn   | Place    | Note
-------+----------+-------------------------------------------
     0 | D:1      | Peloso the Minotaur Fighter began the quest for the Orb.
     0 | D:1      | Reached XP level 1. HP: 19/19 MP: 0/0
     8 | D:1      | Found a faded altar of an unknown god.
    59 | D:1      | Reached XP level 2. HP: 12/27 MP: 1/1
   651 | D:2      | Reached XP level 3. HP: 33/33 MP: 2/2
  1034 | D:3      | Found a broken altar of Ashenzari.
  1628 | D:4      | Reached XP level 4. HP: 35/41 MP: 3/3
  1741 | D:4      | Noticed an ogre
  1745 | D:4      | Demolished by an ogre

Illustrated notes

Levels and vault maps discovered:
D:1:      lemuel_arrival_rhombus, layout_rooms,
          hellmonk_ecumenical_altar_crossroads
D:2:      layout_rooms
D:3:      layout_loops_ring, mainiacjoe_overflow_concentric_impassable
D:4:      layout_loops_ring

Skill      XL: |  1  2  3  4 |
---------------+-------------+-----
Shields        | 4 |  4.2
Armour         | 4 |  4.4
Fighting       | 4 |  4.4
Long Blades    | 3 4 |  4.0
Dodging        | |  0.5
Stealth        | |  0.1

Action                   |  1- 3 |  4- 6 || total
-------------------------+-------+-------++-------
Melee: Long sword        |    88 |     4 ||    92
       Headbutt          |     7 |       ||     7
  Use: Scroll            |     3 |       ||     3
Armor: Scale mail        |    45 |       ||    45
       Chain mail        |    11 |       ||    11
Dodge: Dodged            |    51 |     1 ||    52
Block: Buckler           |    29 |       ||    29
